 Dungeon Crawl Stone Soup version 0.28-a0-973-ga7f8b01127 (webtiles) character file.

Game seed: 14010125818569442766

94 demibob the Slasher (level 4, 0/37 HPs)
             Began as a Palentonga Fighter on Dec 2, 2021.
             Succumbed to a goblin's poison
             ... on level 2 of the Dungeon.
             The game lasted 00:03:22 (2015 turns).

demibob the Slasher (Palentonga Fighter)            Turns: 2015, Time: 00:03:23

Health: 0/37       AC:  7    Str: 25    XL:     4   Next: 38%
Magic:  1/4        EV:  7    Int:  9    God:
Gold:   70         SH:  4    Dex: 11    Spells: 3/3 levels left

rFire   . . .      SeeInvis +   a - +0 long sword
rCold   . . .      Faith    .   c - +0 buckler
rNeg    . . .      Spirit   +   b - +1 scale mail
rPois   .          Reflect  .   (no helmet)
rElec   .          Harm     .   (no cloak)
rCorr   +          Rampage  .   (no gloves)
Will    .....                   (no barding)
Stlth   ..........              f - amulet of guardian spirit
HPRegen 0.12/turn               R - ring of resist corrosion
MPRegen 0.09/turn               S - +6 ring of strength

@: lethally poisoned (0 -> -5)
A: large, rugged brown scales 3, see invisible, deformed body, roll 1, armoured
tail
a: Rolling Charge


You were on level 2 of the Dungeon.
You visited 1 branch of the dungeon, and saw 3 of its levels.

You collected 70 gold pieces.


Innate Abilities, Weirdness & Mutations

You are completely covered in rugged brown scales. (AC +3, +7% HP)
You have supernaturally acute eyesight. (SInv)
Armour fits poorly on your strangely shaped body.
You can roll at nearby foes to attack.
You have a long armoured tail.


   Skills:
 - Level 3.0 Fighting
 + Level 4.1 Long Blades
 - Level 2.4 Armour
 - Level 3.0 Shields


You had 3 spell levels left.
You didn't know any spells.
Your spell library contained the following spells:

 Spells                   Type           Power      Damage    Failure   Level
 Shock                    Conj/Air       0%         1d3       67%         1
 Swiftness                Air            0%         N/A       96%         3
 Airstrike                Air            0%         N/A       100%        4
 Cause Fear               Hex            0%         N/A       100%        4
 Dragon Form              Tmut           0%         N/A       100%        7
 Dragon's Call            Summ           0%         N/A       100%        9

Inventory:

Hand Weapons
 a - a +0 long sword (weapon)
Armour
 b - a +1 scale mail (worn)
 c - a +0 buckler (worn)
Jewellery
 f - an amulet of guardian spirit (around neck)
 R - a ring of resist corrosion (left hand)
 S - a +6 ring of strength (right hand)
Potions
 g - a potion of haste {@q3}

Dungeon Overview and Level Annotations

Branches:
Dungeon (3/15)

Altars:

Shops:
D:1 (*:**   D:2 ?

Portals:
Sewer: D:3

Annotations:
D:3 Robin

...####..>..# #....# #.#.#
............## ##...# #.#.#
###########..### #...# #.#..
.......# ##...########## #.###
.......# ##......#....#####.###
.......# ##.#.................
.......# #.#'#.#.........####
.......# #.#.#.#.........##..
.#.#.#.# #.#@#..............#
.......### ###>###########<...#
.#.#.#...# #.≈g≈.# ##.#.<
.......#.## #.≈.≈.# #..#..
.#.#.#....####.#∩#.#########.....
........#......#.#...#........###
.#.#.#..######.#.###...###.....##
........######.#'#.....###.###.##
###.##........##.##........###.##


You could see a goblin (strong).


Message History

The goblin hits you with a +2 dagger of venom.
* * * LOW HITPOINT WARNING * * *
You are lethally poisoned!
You block the goblin's attack.
Okay, then.
Unknown command.
* * * LOW HITPOINT WARNING * * *
You feel very sick.
The goblin unwields a +0 club.
The goblin wields a +0 hunting sling.
The goblin shoots a stone.
The stone barely misses you. The goblin hits you but does no damage.
The goblin unwields a +2 dagger of venom.
It stops dripping with poison.
The goblin wields a +0 hunting sling.
The goblin shoots a stone.
You block the stone.
* * * LOW HITPOINT WARNING * * *
You feel very sick.
There is a stone staircase leading up here.
Unknown command.
* * * LOW HITPOINT WARNING * * *
You feel very sick.
You climb upwards.
* * * LOW HITPOINT WARNING * * *
You feel very sick.
There is a stone staircase leading down here.
Unknown command.
You slash the goblin!
You kill the goblin!
* * * LOW HITPOINT WARNING * * *
You feel sick. The goblin hits you but does no damage.
You die...

Skill      XL: |  1  2  3  4 |
---------------+-------------+-----
Shields        | 3 |  3.0
Long Blades    | 3 4 |  4.1
Fighting       | |  3.0
Armour         | |  2.4

Action                   |  1- 3 |  4- 6 || total
-------------------------+-------+-------++-------
Melee: Long sword        |    99 |    33 ||   132
       Tailslap          |    10 |     2 ||    12
 Abil: Rolling Charge    |     1 |       ||     1
  Use: Potion            |     1 |       ||     1
       Scroll            |     3 |       ||     3
Armor: Scale mail        |    70 |    19 ||    89
Dodge: Dodged            |    27 |    11 ||    38
Block: Buckler           |    14 |    11 ||    25

Levels and vault maps discovered:
D:1:      dpeg_arrival_connections, layout_basic, serial_shops,
          nicolae_shop_behind_doors, shop, shop_fountains, shop,
          nicolae_shop_overgrown_old_shop, chequers_serial_rivers_small_b
D:2:      layout_rooms, hellmonk_ecumenical_altar_crossroads,
          serial_co_window_serial, co_window_paths_b, co_window_paths_b,
          co_window_paths_b, co_window_of_opportunity_a,
          co_window_of_opportunity_a, co_window_cross_2,
          co_window_of_opportunity_b, co_window_unsneaky_path_c,
          co_window_corner_ca, co_window_2corner, co_window_4corner_b,
          co_window_paths_d, glass_columns_a, glass_columns_c, glass_columns_a,
          serial_shops, nicolae_shop_hallway_stairs
D:3:      layout_basic, mainiacjoe_overflow_paths, cheibrodos_sewer_entry_drain,
          gammafunk_ghost_abyssal_escape, serial_shops,
          nicolae_shop_behind_doors, minmay_unequal, uniq_robin

Notes
Turn   | Place    | Note
-------+----------+-------------------------------------------
     0 | D:1      | demibob the Palentonga Fighter began the quest for the Orb.
     0 | D:1      | Reached XP level 1. HP: 19/19 MP: 1/1
    91 | D:1      | Reached XP level 2. HP: 25/25 MP: 2/2
   224 | D:1      | Found Kuxkiec's Assorted Antiques.
   306 | D:1      | Found Pevo's Assorted Antiques.
   346 | D:1      | Reached skill level 3 in Shields
   350 | D:1      | Reached XP level 3. HP: 14/31 MP: 3/3
   591 | D:1      | Found Ogef's Book Shoppe.
   646 | D:1      | Found Efisatab's General Store.
   671 | D:1      | Found Gofutecw's Antique Weapon Shoppe.
   748 | D:1      | Reached skill level 3 in Long Blades
   977 | D:2      | Found Tem Qoab's Magic Scroll Boutique.
  1344 | D:2      | Reached XP level 4. HP: 37/37 MP: 4/4
  1349 | D:2      | Found a faded altar of an unknown god.
  1978 | D:3      | Found a glowing drain.
  1980 | D:3      | Reached skill level 4 in Long Blades
  1998 | D:3      | Noticed Robin
  2013 | D:2      | HP: 3/37 [poisoned by a goblin]
  2014 | D:2      | HP: 1/37 [poisoned by a goblin]
  2015 | D:2      | Succumbed to a goblin's poison

Vanquished Creatures
  2 adders (D:2)
  5 dart slugs
  2 ball pythons (D:1)
  4 bats
  7 endoplasms
  3 giant cockroaches
  13 goblins
  6 hobgoblins
  3 jackals (D:1)
  A quokka (D:2)
  4 frilled lizards
  6 kobolds
  3 rats
59 creatures vanquished.

Table legend: (Time is in decaauts)
 A = Elapsed time spent in this place.
 B = Non-inter-level travel time spent in this place.
 C = Inter-level travel time spent in this place.
 D = Time resting spent in this place.
 E = Time spent auto-exploring this place.
 F = Levels seen in this place.
 G = Mean time per level.
                   A        B        C        D        E       F      G
               +--------+--------+--------+--------+--------+-----+--------+
         Total |   2048 |   1973 |     75 |      6 |   1586 |   3 |  682.7 |
       Dungeon |   2048 |   1973 |     75 |      6 |   1586 |   3 |  682.7 |
               +--------+--------+--------+--------+--------+-----+--------+

Top non-repeatable levels by time:
     D:2: 1025 daAuts
     D:1: 977 daAuts
     D:3: 45 daAuts

Table legend:
 A = Non-vault XP
 B = Vault XP
 C = Vault XP percentage of total XP
 D = Non-vault monster count
 E = Vault monster count
 F = Vault count percentage of total count
                 A         B        C        D         E       F
            +---------+---------+-------+---------+---------+-------
      Total |     119 |      16 |  11.9 |      50 |       9 |  15.3
            +---------+---------+-------+---------+---------+-------
        D:1 |      56 |       0 |   0.0 |      30 |       0 |   0.0
        D:2 |      61 |       2 |   3.2 |      19 |       1 |   5.0
        D:3 |       2 |      14 |  87.5 |       1 |       8 |  88.9
            +---------+---------+-------+---------+---------+-------
